cohdb
Replays
Latest Replays
All Replays
Popular Replays
Top Player Replays
Match Explorer
How It Works
Community
CoH3 Stats
Reddit
Sign in to upload your games and track your stats! →
Sign in with Steam
Match 45216517
Unlisted
Match 45216517
Overview
Messages
Build Orders
End
Royal Engineer Section
Construct Section Command Post
Vickers Machine Gun Team
Construct Section Command Post
Infantry Section
Infantry Section
Construct Platoon Command Post
Selects Air and Sea Battlegroup
Humber Armored Car
Construct Field Infirmary
Selects Commando Section Paradrop
Commando Section Paradrop
Infantry Training
Construct Company Command Post
Crusader II Medium Tank
6-pounder Anti-tank Gun Team
Crusader II Medium Tank
Crusader II Medium Tank
Armored Vehicle Training
Selects Supply Surplus
Selects UNKNOWN (223837)
Selects Commando Support Section Paradrop
Selects Anti-tank Rocket Loiter
Crusader II Medium Tank
severedhand
pagep
0
0
Comments
sign in to comment!
No comments posted yet!